 Dungeon Sprint DCSS version 0.30.1-11-g7821555f0a (webtiles) character file.

Game seed: 8404732457398474897

234 Heoruswealwe the Spear-Bearer (level 5, -5/53 HPs)
             Began as a Minotaur Fighter on Nov 3, 2023.
             Was an Initiate of Gozag.
             Slain by a yak (11 damage)
             ... in the Dungeon (Sprint IX: "|||||||||||||||||||||||||||||").
             The game lasted 00:01:10 (125 turns).

Heoruswealwe the Spear-Bearer (Minotaur Fighter)     Turns: 125, Time: 00:01:11

Health: -5/53      AC:  8    Str: 22    XL:     5   Next: 75%
Magic:  4/4        EV:  9    Int:  5    God:    Gozag
Gold:   360        SH:  4    Dex: 10    Spells: 4/4 levels left

rFire   . . .        a - +0 trident
rCold   . . .        d - +0 buckler
rNeg    . . .        c - +0 scale mail
rPois   .            (helmet restricted)
rElec   .            (no cloak)
rCorr   .            (no gloves)
SInv    .            (no boots)
Will    .....        (no amulet) Stlth
                     (no ring)
HPRegen 0.28/turn    (no ring)
MPRegen 0.09/turn

%: no teleportation
@: gold aura
A: horns 2, retaliatory headbutt
a: Renounce Religion, Potion Petition, Call Merchant, Bribe Branch


You were in the Dungeon.
You worshipped Gozag.
Gozag was aware of your devotion.
You visited 1 branch You collected 360 gold pieces.

Inventory:

Hand Weapons
 a - a +0 trident (weapon)
Armour
 c - a +0 scale mail (worn)
 d - a +0 buckler (worn)
Jewellery
 m - a +3 ring of dexterity
 n - a +2 ring of evasion
Wands
 l - a wand of quicksilver (10)
Scrolls
 j - 2 scrolls of amnesia
 k - a scroll of blinking
Potions
 b - a potion of might
 e - 5 potions of curing
 f - 3 potions of heal wounds
 g - a potion of haste
 h - a potion of invisibility
 i - a potion of berserk rage


   Skills:
 + Level 8.0 Fighting
 * Level 10.4 Polearms
 + Level 8.0 Armour
 - Level 3.6 Shields


You had 4 spell levels left.
You didn't know any spells.
Your spell library was empty.

Dungeon Overview and Level Annotations

Branches:
Dungeon (1/1)

Altars:
Cheibriados
Dithmenos
Elyvilon
Fedhas
Gozag
Hepliaklqana
Kikubaaqudgha
Makhleb
Nemelex Xobeh
Okawaru
Qazlal
Ru
Sif Muna
Trog
Uskayaw
Vehumet
Wu Jian
Xom
Yredelemnul
Zin
The Shining One
Jiyva
Lugonu


Innate Abilities, Weirdness & Mutations

You have a pair of horns on your head.
You reflexively headbutt those who attack you in melee.


Message History

* * * LOW HITPOINT WARNING * * *
You puncture the howler monkey!
You kill the howler monkey!
Your Fighting skill increases to level 8!
Your Armour skill increases to level 8!
You hit the yak.
The yak is lightly wounded.
The yak gores you but does no damage.
You hit the yak but do no damage. You headbutt the yak.
The yak is lightly wounded.
The hornet is distracted by your dazzling golden aura.
You block the yak's attack.
You barely miss the yak.
The yak is lightly wounded.
The howler monkey is distracted by your dazzling golden aura.
The yak barely misses you.
The hornet buzzes angrily.
You puncture the yak! You headbutt the yak!
The yak is severely wounded.
You hit the yak. You headbutt the yak.
The yak is severely wounded.
The hornet is no longer distracted by gold.
The yak gores you.
* * * LOW HITPOINT WARNING * * *
You closely miss the yak.
The yak is severely wounded.
The yak gores you.
* * * LOW HITPOINT WARNING * * *
You closely miss the yak. You headbutt the yak, but do no damage.
The yak is severely wounded.
You block the yak's attack.
You hit the yak.
The yak is almost dead.
The yak gores you.
* * * LOW HITPOINT WARNING * * *
You barely miss the yak.
The yak is almost dead.
The yak gores you!
You die...
Your body crumbles into a pile of gold. $$$$$$ $$$$$ $ $ $ $$$$$ $ ▓▓▓▓▓▓▓▓▓▓▓▓▓▓▓▓▓▓▓▓▓▓▓▓ _______'!.).[[[.@YThy... ▓▓▓▓▓▓▓▓▓▓▓▓▓▓▓▓▓▓▓▓▓▓▓▓

You could see a yak, a troll, a hornet and a howler monkey.

Vanquished Creatures
  An ice beast (D)
  A howler monkey (D)
  2 hounds (D)
  A gnoll bouda (D)
  A white imp (D)
  An orc (D)
  A bat (D)
  A goblin (D)
  A jackal (D)
  A ball python (D)
  A rat (D)
12 creatures vanquished.

Notes
Turn   | Place    | Note
-------+----------+-------------------------------------------
     0 | D        | Heoruswealwe the Minotaur Fighter began the quest for the
                  | Orb.
     0 | D        | Reached XP level 1. HP: 19/19 MP: 0/0
     1 | D        | Banished a spatial maelstrom
     9 | D        | Reached skill level 3 in Polearms
    32 | D        | Noticed an ice beast
    32 | D        | Noticed a hound
    32 | D        | Noticed a hound
    37 | D        | Found a snail-covered altar of Cheibriados.
    37 | D        | Found a shadowy altar of Dithmenos.
    37 | D        | Found a white marble altar of Elyvilon.
    37 | D        | Found a blossoming altar of Fedhas.
    37 | D        | Found an opulent altar of Gozag.
    38 | D        | Found a hazy altar of Hepliaklqana.
    39 | D        | Found a viscous altar of Jiyva.
    40 | D        | Found an ancient bone altar of Kikubaaqudgha.
    41 | D        | Found a corrupted altar of Lugonu.
    42 | D        | Found a burning altar of Makhleb.
    43 | D        | Found a sparkling altar of Nemelex Xobeh.
    44 | D        | Found an iron altar of Okawaru.
    45 | D        | Became a worshipper of Gozag Ym Sagoz the Greedy
    54 | D        | Killed a hound
    55 | D        | Reached skill level 5 in Fighting
    55 | D        | Reached skill level 5 in Polearms
    55 | D        | Reached skill level 5 in Armour
    55 | D        | Reached XP level 2. HP: 19/29 MP: 1/1
    55 | D        | Reached XP level 3. HP: 24/36 MP: 2/2
    57 | D        | Reached skill level 7 in Polearms
    57 | D        | Reached XP level 4. HP: 29/44 MP: 3/3
    67 | D        | Killed an ice beast
    68 | D        | Reached skill level 9 in Polearms
    68 | D        | Reached XP level 5. HP: 24/52 MP: 4/4
    73 | D        | Found a stormy altar of Qazlal.
    74 | D        | Found a sacrificial altar of Ru.
    75 | D        | Found a shimmering blue altar of Sif Muna.
    76 | D        | Found a bloodstained altar of Trog.
    77 | D        | Found a hide-covered altar of Uskayaw.
    78 | D        | Found a radiant altar of Vehumet.
    79 | D        | Found an ornate altar of the Wu Jian Council.
    80 | D        | Found a shimmering altar of Xom.
    81 | D        | Found a basalt altar of Yredelemnul.
    82 | D        | Found a glowing silver altar of Zin.
    83 | D        | Found a glowing golden altar of the Shining One.
   107 | D        | Noticed a yak
   107 | D        | Noticed a troll
   107 | D        | Noticed a hornet
   113 | D        | Reached skill level 10 in Polearms
   125 | D        | Slain by a yak

Illustrated notes

Levels and vault maps discovered:
D:        linesprint [early_d, line_temple, items_1, d_10, items_2, lair_1,
          lair_end, items_3, orc_1, orc_end, items_4, d_15, swamp_1, shoals_1,
          snake_1, spider_1, d_20, vaults_1, items_5, swamp_end, shoals_end,
          snake_end, spider_end, vaults_end, d_27, items_6, zot_1, zot_end,
          crypt_end, forest_end, elf_end, slime_end, tomb_end, abyss_end,
          pan_hell_end]

Skill      XL: |  1  2  3  4  5 |
---------------+----------------+-----
Polearms       | 5 7 9 10 | 10.4
Fighting       | 5 7 8 |  8.0
Armour         | 5 7 8 |  8.0
Shields        | |  3.6

Action                     |  1- 3 |  4- 6 || total
---------------------------+-------+-------++-------
  Melee: Trident           |    29 |    31 ||    60
         Headbutt          |     2 |     8 ||    10
    Use: Scroll            |     1 |       ||     1
 Armour: Scale mail        |    15 |     2 ||    17
  Dodge: Dodged            |    17 |     3 ||    20
  Block: Buckler           |    10 |     6 ||    16
